[Event "*** SCC Grand Prix: Titled Tuesday Blitz"]
[Site "Chess.com"]
[Date "2020.06.02"]
[Round "2"]
[White "kleopl"]
[Black "Biranidun"]
[Result "0-1"]
[WhiteElo "2464"]
[BlackElo "2705"]
[TimeControl "180+1"]
[EndTime "10:18:28 PDT"]
[Termination "Biranidun won by resignation"]

1. c4 e5 2. Nc3 Nf6 3. Nf3 Nc6 4. e4 Bb4 5. d3 d6 6. a3 Bc5 7. Be2 Nd4 8. O-O O-O 9. b4 Bb6 10. Bg5 c6 11. h3 a5 12. Rb1 axb4 13. axb4 Ra3 14.
Bd2 Ne8 15. Ra1 Rxa1 16. Qxa1 f5 17. Nxd4 Bxd4 18. Qa2 Kh8 19. b5 Nf6 20. bxc6 bxc6 21.
Bf3 Qb6 22. Nd1 fxe4 23. Bxe4 Nxe4 24. dxe4 Be6 25. Ne3 Rb8 26. Qc2 g6 27. Kh2 Kg7 28. Rc1 Qb2 29. f3 Qxc2 30. Rxc2 Rb3 31. Nd1 Rd3 32. Nb2 Rb3 33. Nd1 Rd3 34. Nb2 Ra3 35. Nd1 Ra4 36. Nb2 Ra2 37. Bc1 Kf6 38. Kg3 g5 39. h4 h6 40. hxg5+ hxg5 41. Rd2 Be3 42. Rxd6 Bxc1 43. Nd3 Bf4+ 44. Nxf4 gxf4+ 45. Kh2 Rc2 46.
Rxc6 Rxc4 47. Rxc4 Bxc4 48. g3 Kg5 49. Kg2 Be2 50.
Kf2 Bd1 51. Kg2 fxg3 52. Kxg3 Ba4 53. f4+ exf4+ 54. Kf2 Kg4 55. e5 Kf5 0-1

[Event "*** SCC Grand Prix: Titled Tuesday Blitz"]
[Site "Chess.com"]
[Date "2020.06.02"]
[Round "2"]
[White "GukeshDommaraju"]
[Black "TheFireChess"]
[Result "1-0"]
[WhiteElo "2661"]
[BlackElo "2409"]
[TimeControl "180+1"]
[EndTime "10:18:28 PDT"]
[Termination "GukeshDommaraju won by resignation"]

1. c4 f5 2. g3 Nf6 3. Nf3 g6 4. Bg2 Bg7 5. O-O O-O 6. d4 d6 7. Nc3 c6 8. d5 e5 9. dxe6 Bxe6 10.
b3 Re8 11. Bb2 Na6 12. Ng5 Bc8 13. Qd2 Qe7 14. Rad1 Rd8 15. Rfe1 h6 16. Nf3 Nc5 17. Qc2 Be6 18. Nd4 Bf7 19. b4 Nce4 20. Nxe4 fxe4 21. Nb3 Re8 22. Bd4 d5 23. cxd5 Bxd5 24. Nc5 b6 25.
Na4 Qxb4 26. Nc3 Rad8 27. e3 Qf8 28. Bxf6 Qxf6 29. Nxe4 Qe5 30. Nd2 Bxg2 31. Kxg2 Qe6 32. Nf3 c5 33. a4 g5 34. h4 g4 35. Nd2 Qc6+ 36. Kg1 Qe6 37. Nc4 h5 38. Rd3 Rxd3 39. Qxd3 Rf8 40. Rd1 Qf7 41. Rd2 Qe6 42. Qd5 Qf7 43.
Nd6 Qxd5 44. Rxd5 Rd8 45. e4 Bf8 46. Nc4 Rxd5 47. exd5 Kf7 48. f3 gxf3 49. Kf2 Ke8 50. Kxf3 Kd7 51. g4 hxg4+ 52. Kxg4 Kc7 53. Kf5 a6 54. Ke6 b5 55. axb5 axb5 56. d6+ Bxd6 57. Nxd6 Kc6 58. h5 c4 59. h6 c3 60. h7 c2 1-0

[Event "*** SCC Grand Prix: Titled Tuesday Blitz"]
[Site "Chess.com"]
[Date "2020.06.02"]
[Round "2"]
[White "Chesstrainer1"]
[Black "AlexandraBotez"]
[Result "1-0"]
[WhiteElo "2428"]
[BlackElo "2196"]
[TimeControl "180+1"]
[EndTime "10:18:28 PDT"]
[Termination "Chesstrainer1 won by checkmate"]

1. Nf3 Nf6 2. c4 g6 3. Nc3 d6 4. e4 Bg7 5. d4 e5 6. dxe5 dxe5 7. Qxd8+ Kxd8 8. Nxe5 Ke7 9. Bg5 c6 10. O-O-O Be6 11.
f3 Na6 12. a3 h6 13. Bh4 Rhd8 14. Be2 g5 15. Bg3 Nh5 16. Ng4 Nxg3 17. hxg3 Bxg4 18. fxg4 Bxc3 19. bxc3 Rxd1+ 20. Kxd1 Rh8 21. Kc2 Nc5 22. Bf3 Ke6 23. Rd1 a6 24. Rd4 Ke5 25. a4 a5 26.
Rd1 Rb8 27. Rh1 Rh8 28. Rb1 Kd6 29. Rd1+ Ke5 30. Rd2 Ke6 31. Kd1 Nxa4 32. Kc2 Nc5 33. Rd1 a4 34. Kb2 Ra8 35. Ka3 Ke5 36. Kb4 b6 37. Ka3 Rh8 38. Rb1 Rb8 39. Rh1 Rh8 40. Rb1 Rb8 41. Rh1 Nxe4 42. Re1 Kd6 43. Rxe4 b5 44. cxb5 cxb5 45. Rb4 Kc5 46. c4 Rb6 47.
cxb5 Rxb5 48. Rxb5+ Kxb5 49. Bd1 Kc4 50. Bxa4 Kd4 51.
Be8 f6 52. Bc6 Ke3 53. Bf3 Kf2 54. Kb4 Kxg3 55. Kc5 Kf4 56. Kd6 f5 57. gxf5 Kxf5 58. g3 h5 59. Bxh5 g4 60. Kd5 Kg5 61. Be8 Kf5 62.
Bd7+ Kg5 63. Ke4 Kh5 64. Kf5 Kh6 65. Kxg4 Kg6 66. Bf5+ Kf6 67. Kf4 Kf7 68. g4 Kg7 69. g5 Kf7 70. Ke5 Kg7 71. g6 Kf8 72. Kf6 Kg8 73. Be6+ Kf8 74. g7+ Ke8 75. g8=Q# 1-0

[Event "*** SCC Grand Prix: Titled Tuesday Blitz"]
[Site "Chess.com"]
[Date "2020.06.02"]
[Round "2"]
[White "DortmundCity"]
[Black "Alexander_Zubov"]
[Result "0-1"]
[WhiteElo "2579"]
[BlackElo "2958"]
[TimeControl "180+1"]
[EndTime "10:18:29 PDT"]
[Termination "Alexander_Zubov won by resignation"]

1. e4 c5 2. Nf3 d6 3. d4 cxd4 4. Nxd4 Nf6 5. Nc3 a6 6. Bg5 Nbd7 7. f4 Qb6 8. Nb3 g6 9. Qe2 Qc7 10. Nd5 Nxd5 11. exd5 b5 12. O-O-O Nb6 13. Bf6 Rg8 14. Bc3 Nc4 15. g3 Bb7 16. Bg2 Rc8 17. Rhe1 a5 18.
Nxa5 Nxa5 19. Qxb5+ Nc6 20. dxc6 Bxc6 21. Bxc6+ Qxc6 22. Qxc6+ Rxc6 23. Rd3 Kd7 24. b3 e6 25. a4 d5 26. Be5 Bb4 27. Red1 Rgc8 28. c3 Bxc3 29.
Bxc3 Rxc3+ 30. Rxc3 Rxc3+ 31. Kb2 Rf3 32. Rd2 Kc6 33.
Rc2+ Kb6 34. b4 f6 35. a5+ Kb5 36. a6 Kxa6 37. Rc6+ Kb5 38. Rxe6 f5 39. Re5 Kc4 40. b5 Rb3+ 41. Kc2 Rxb5 42. Re7 Ra5 43. Rxh7 Ra2+ 44.
Kc1 d4 45. Rb7 Rxh2 46. Ra7 Rg2 47. Ra3 d3 48. Kd1 Rxg3 49. Ra6 Kc3 50. Rc6+ Kd4 51.
Re6 Rg2 0-1

[Event "*** SCC Grand Prix: Titled Tuesday Blitz"]
[Site "Chess.com"]
[Date "2020.06.02"]
[Round "2"]
[White "oykuince"]
[Black "TheoSlade"]
[Result "1-0"]
[WhiteElo "2086"]
[BlackElo "2362"]
[TimeControl "180+1"]
[EndTime "10:18:29 PDT"]
[Termination "oykuince won on time"]

1. e4 e5 2. Nc3 Nf6 3. g3 d5 4.
exd5 Nxd5 5. Bg2 Nxc3 6. bxc3 Nc6 7. Nf3 Bc5 8. O-O O-O 9. Re1 Qf6 10. Rb1 Bb6 11.
d3 h6 12. c4 Bg4 13. Bb2 Rfe8 14. h3 Bh5 15. g4 Bg6 16. Bc3 Rad8 17. Qe2 Nd4 18.
Bxd4 exd4 19. Qxe8+ Rxe8 20. Rxe8+ Kh7 21. Ne5 c6 22.
Nxg6 fxg6 23. Rbe1 Bc7 24. R1e7 Qf4 25. Rc8 Ba5 26.
Ree8 Qc1+ 27. Bf1 g5 28. Re6 Qxc2 29. Bg2 Qc1+ 30. Kh2 Qf4+ 31. Kg1 Qc1+ 32. Kh2 Bc7+ 33. Rxc7 Qf4+ 34. Kg1 Qxc7 35. Be4+ Kg8 36. Bg6 Qf4 37.
Re8+ Qf8 38. Rxf8+ Kxf8 39. Kg2 Ke7 40. Be4 Kd6 41.
Kg3 Ke5 42. h4 gxh4+ 43. Kxh4 Kf6 44. Kh5 a5 45. f4 a4 46. g5+ hxg5 47. fxg5+ Kf7 48.
Bf5 b5 49. cxb5 cxb5 50. Bd7 b4 51. Bxa4 Ke6 52. Bb3+ Ke7 53. Kg6 Kf8 54. Kh7 Ke7 55.
Kxg7 1-0

[Event "*** SCC Grand Prix: Titled Tuesday Blitz"]
[Site "Chess.com"]
[Date "2020.06.02"]
[Round "2"]
[White "chessfrendz"]
[Black "timedothwasteme"]
[Result "1-0"]
[WhiteElo "2401"]
[BlackElo "2144"]
[TimeControl "180+1"]
[EndTime "10:18:32 PDT"]
[Termination "chessfrendz won by resignation"]

1. d4 Nf6 2. Nf3 g6 3. c4 Bg7 4. Nc3 O-O 5. e4 d6 6. Be2 e5 7.
O-O Nc6 8. d5 Ne7 9. Ne1 Ne8 10. Be3 f5 11. f3 f4 12. Bf2 g5 13.
c5 Ng6 14. cxd6 Nxd6 15. a4 a6 16. Bc5 h5 17. h3 Rf7 18. a5 Bd7 19. Nd3 Bf8 20.
Nf2 Rg7 21. Qb3 Rb8 22. Rfd1 g4 23. fxg4 hxg4 24. Bxg4 Nh4 25. Rd3 Qg5 26. Kf1 b6 27. axb6 cxb6 28. Bxd6 Bxd6 29. Rxa6 Bc5 30. d6+ Kh7 31.
Ncd1 f3 32. gxf3 Rf8 33. Ra7 Bxg4 34. Rxg7+ Qxg7 35. fxg4 Qf6 36. Rd2 Nf3 37. Rc2 Nd4 38.
Qc3 Nxc2 39. Qxc2 Qxd6 40. Qe2 Qf6 41. Kg2 Qf4 42. Nd3 Qg5 43. Nc3 Bd4 44. Nd5 Rf7 45.
N5b4 Kg6 46. Nd5 Kh6 47. b4 Rf8 48. b5 Qh4 49. N5b4 Rc8 50. Nc6 Qg5 51. Nxd4 exd4 52. e5 Re8 53. e6 Qf6 54. Qd2+ Kg7 55. Nf4 Rf8 56. Nh5+ 1-0

[Event "*** SCC Grand Prix: Titled Tuesday Blitz"]
[Site "Chess.com"]
[Date "2020.06.02"]
[Round "2"]
[White "gumimis"]
[Black "Savva09022009"]
[Result "0-1"]
[WhiteElo "2138"]
[BlackElo "2398"]
[TimeControl "180+1"]
[EndTime "10:18:32 PDT"]
[Termination "Savva09022009 won on time"]

1. e4 c5 2. Nf3 Nc6 3. d4 cxd4 4. Nxd4 Nf6 5. Nc3 d6 6. Bg5 e6 7. f4 h6 8. Bh4 Be7 9. Bf2 O-O 10. Qf3 Qc7 11. Bd3 a6 12. O-O Nxd4 13. Bxd4 e5 14. Be3 b5 15. a3 Bb7 16. Rad1 Rad8 17. h3 Rfe8 18. Qf2 Nd7 19. fxe5 Rf8 20. exd6 Bxd6 21.
Nd5 Bxd5 22. exd5 Bc5 23. Kh1 Bxe3 24. Qxe3 Nb6 25. Be4 Rfe8 26. Qd4 Re5 27. d6 Qc5 28. Qxc5 Rxc5 29. Rd4 Nc4 30. Bd5 Nxd6 31. Bb3 Rc7 32. Rfd1 Rcd7 33. a4 Kf8 34. axb5 axb5 35. c4 Ke8 36.
Re1+ Re7 37. Rxe7+ Kxe7 38. cxb5 Rb8 39. Rd5 Nxb5 40.
Bc4 Nd6 41. b3 Rc8 42. Rd4 f5 43. Kh2 g5 44. Kg3 f4+ 45. Kf3 Nf5 46. Rd5 Kf6 47. Ra5 Rd8 48. Ra6+ Ke5 49. Ra5+ Kf6 50. b4 Rd4 0-1

[Event "*** SCC Grand Prix: Titled Tuesday Blitz"]
[Site "Chess.com"]
[Date "2020.06.02"]
[Round "2"]
[White "Jenia84"]
[Black "Gyapiking"]
[Result "1-0"]
[WhiteElo "2225"]
[BlackElo "2517"]
[TimeControl "180+1"]
[EndTime "10:18:34 PDT"]
[Termination "Jenia84 won by resignation"]

1. Nf3 d5 2. d4 Nf6 3. Bf4 c5 4.
c3 Nc6 5. e3 Qb6 6. Qb3 c4 7.
Qc2 Bf5 8. Qc1 e6 9. Nbd2 h6 10. Be2 Be7 11. Ne5 Nxe5 12. Bxe5 O-O 13. O-O Rfc8 14.
f3 Qd8 15. Qe1 b5 16. e4 Bg6 17. Qg3 b4 18. Rae1 Nh5 19. Qh3 Bd6 20. f4 Bxe5 21.
fxe5 Qg5 22. Nf3 Qe3+ 23. Rf2 Nf4 24. Qg3 Nh5 25. Qh4 bxc3 26. bxc3 Qxc3 27. exd5 exd5 28.
Ref1 Rab8 29. e6 Nf6 30. exf7+ Bxf7 31. Ne5 Rf8 32. Nxf7 Rxf7 33. Rxf6 Rxf6 34. Rxf6 Rb1+ 35. Rf1 Qe3+ 36. Kh1 Rxf1+ 37. Bxf1 c3 38. Qg4 Qe1 39. Kg1 Qe3+ 40. Kh1 Qf2 41. Qe6+ Kh8 42. Bd3 Qf8 43.
Qf5 Qxf5 44. Bxf5 Kg8 45. Bc2 Kf7 46. g3 Ke7 47. Kg2 Kd6 48. Kf3 Kc6 49. Ke3 Kb5 50. Kd3 Kb4 51. Bb3 a5 52. Bxd5 a4 53. Kc2 g5 54. Bg8 h5 55. h4 gxh4 56. gxh4 Ka3 57.
Bf7 Kb4 58. Bxh5 Ka3 59. Be8 Kb4 60. Bxa4 Kxa4 61. Kxc3 1-0

[Event "*** SCC Grand Prix: Titled Tuesday Blitz"]
[Site "Chess.com"]
[Date "2020.06.02"]
[Round "2"]
[White "GMTalks_Youtube"]
[Black "ChronicUnhappiness"]
[Result "1-0"]
[WhiteElo "2674"]
[BlackElo "2317"]
[TimeControl "180+1"]
[EndTime "10:18:34 PDT"]
[Termination "GMTalks_Youtube won on time"]

1. d4 Nf6 2. c4 e6 3. Nc3 Bb4 4.
e3 d5 5. a3 Bxc3+ 6. bxc3 O-O 7.
cxd5 exd5 8. Bd3 c5 9. Ne2 b6 10. O-O Ba6 11. Bxa6 Nxa6 12. Ng3 Nc7 13. f3 Ne6 14. Bb2 Rc8 15. e4 cxd4 16. cxd4 Rc4 17. e5 Ne8 18. Nf5 Qg5 19. Ng3 h5 20. f4 Qg4 21.
Nxh5 Qxd1 22. Raxd1 N8c7 23. f5 Ng5 24. Ng3 Nb5 25.
Rd2 Rfc8 26. Re1 Nc3 27. e6 fxe6 28. fxe6 Nge4 29. e7 Re8 30. Rc2 Rxe7 31. Bxc3 Rec7 32. Nxe4 dxe4 33. Re3 b5 34. Kf2 a5 35. d5 b4 36. d6 R7c6 37. d7 Rd6 38. axb4 axb4 39.
Rd2 Rxd2+ 40. Bxd2 Rd4 41. Ke1 Rxd7 42. Bxb4 Rd4 43.
Bd2 Rc4 44. Ke2 Kf7 45. Rg3 g6 46. Ke3 Kf6 47. Rg4 Kf5 48. Rf4+ Ke5 49. g3 Ra4 50. h4 Ra3+ 51. Kf2 Ra2 52. Ke1 Ra1+ 53. Ke2 Ra2 54. Rg4 Kf5 55. Rg5+ Kf6 56. Ke3 Rc2 57. Be1 Rc1 58. Bf2 Rc2 59. g4 1-0

[Event "*** SCC Grand Prix: Titled Tuesday Blitz"]
[Site "Chess.com"]
[Date "2020.06.02"]
[Round "2"]
[White "mjray79"]
[Black "gurelediz"]
[Result "0-1"]
[WhiteElo "2300"]
[BlackElo "2600"]
[TimeControl "180+1"]
[EndTime "10:18:34 PDT"]
[Termination "gurelediz won by checkmate"]

1. d4 Nf6 2. c4 g6 3. Nc3 d5 4. cxd5 Nxd5 5. e4 Nxc3 6. bxc3 Bg7 7. Bc4 c5 8. Be3 Nc6 9. Ne2 O-O 10. O-O Na5 11. Bd3 b6 12. h4 Bb7 13. h5 Rc8 14. hxg6 hxg6 15. Rc1 Qd7 16. d5 c4 17. Bc2 e6 18. Ba4 b5 19. Bc2 exd5 20. exd5 Bxd5 21. Nf4 Bc6 22. Qxd7 Bxd7 23. Rfd1 Bc6 24. Bxa7 Bxc3 25.
Bc5 Rfd8 26. Be3 Rxd1+ 27. Rxd1 b4 28. Nd5 Bxd5 29. Rxd5 b3 30. Bb1 Ra8 31. axb3 Nxb3 32. Kh2 Bg7 33. Be4 Re8 34. Bc2 Na1 35. Bd1 c3 36. Rc5 Rb8 37. Kg3 Rb1 38. Bf3 Nb3 39.
Rc8+ Kh7 40. Be4 Re1 41. Kf3 Nd2+ 42. Bxd2 cxd2 43. Bc2 Rc1 44. Ke2 d1=Q+ 45. Bxd1 Rxc8 46. Bb3 Re8+ 47. Kf3 f5 48. Kf4 Bf6 49. g4 Re4+ 50. Kg3 Rxg4+ 51. Kf3 Rb4 52. Bd5 Bd4 53. Kg2 Rb2 54.
Kg3 Rxf2 55. Bf3 Ra2 56. Kf4 Kg7 57. Kg5 Rh2 58. Bg4 Be3# 0-1

[Event "*** SCC Grand Prix: Titled Tuesday Blitz"]
[Site "Chess.com"]
[Date "2020.06.02"]
[Round "2"]
[White "Xeniya2005"]
[Black "MiroVlasenko"]
[Result "0-1"]
[WhiteElo "2291"]
[BlackElo "2636"]
[TimeControl "180+1"]
[EndTime "10:18:35 PDT"]
[Termination "MiroVlasenko won by resignation"]

1. e4 c5 2. Nf3 a6 3. d4 cxd4 4.
Nxd4 Nf6 5. Nc3 e5 6. Nf3 Nc6 7. Bg5 Bb4 8. Bd3 d6 9. h3 Be6 10. Qd2 Rc8 11. a3 Bxc3 12. Qxc3 h6 13. Be3 Nd4 14. Qd2 Nxf3+ 15. gxf3 Nh5 16. O-O-O Qe7 17. f4 exf4 18. Bxf4 Nxf4 19. Qxf4 Qg5 20. Qd2 Qxd2+ 21. Kxd2 Ke7 22. f4 Rhe8 23. c3 Kf8 24. Rdg1 Bd7 25.
Rg3 Bc6 26. Re1 f6 27. Rge3 Rc7 28. b4 Rce7 29. c4 Bd7 30. b5 axb5 31. cxb5 Ra8 32. Bc4 Ra4 33. Rc1 Be8 34. Bd5 Bxb5 35. Rc8+ Re8 36.
Rc7 Re7 37. Rxe7 Kxe7 38. Bxb7 g5 39. fxg5 fxg5 40. Bd5 Kf6 41. Rf3+ Ke5 42. Rc3 Bd7 43. Ke3 h5 44. Kd2 g4 45. hxg4 Bxg4 46. Ke3 h4 47.
Bc6 Ra5 48. a4 h3 49. Kf2 Kf4 50. Kg1 Ra7 51. Kh2 Rg7 52. Rc4 Be6 53. Rc2 Rg3 54. a5 Ra3 55. a6 Rxa6 56. Rd2 Rxc6 57. Rf2+ Kxe4 0-1

[Event "*** SCC Grand Prix: Titled Tuesday Blitz"]
[Site "Chess.com"]
[Date "2020.06.02"]
[Round "2"]
[White "grandcoach"]
[Black "ZEN-22"]
[Result "1/2-1/2"]
[WhiteElo "2092"]
[BlackElo "2375"]
[TimeControl "180+1"]
[EndTime "10:18:37 PDT"]
[Termination "Game drawn - insufficient material"]

1. e4 d6 2. d4 Nf6 3. Nc3 g6 4. Bg5 Bg7 5. e5 dxe5 6. dxe5 Ng4 7. Qxd8+ Kxd8 8. Rd1+ Bd7 9. e6 fxe6 10. Nf3 h6 11. Bf4 g5 12. Bg3 Nc6 13. h3 Nge5 14. Nxe5 Bxe5 15.
Bxe5 Nxe5 16. Bb5 c6 17. Be2 Kc7 18. Ne4 b6 19. h4 g4 20. h5 Raf8 21. b4 Rf4 22.
Rd4 c5 23. bxc5 bxc5 24. g3 cxd4 25. gxf4 Nc6 26. Rg1 e5 27. Bxg4 Rg8 28. f3 exf4 29. Nc5 Bc8 30. Kf2 Ne5 31. Bxc8 Rxg1 32. Kxg1 Kxc8 33.
Ne6 d3 34. cxd3 Nxd3 35. Kg2 Kd7 36. Nf8+ Kd6 37. Kh3 Ne5 38. Ng6 Nxf3 39. Kg4 Ne5+ 40. Kxf4 Nxg6+ 41. hxg6 Ke6 42. Kg4 Kf6 43. Kh5 Kg7 44. a4 e5 45. a5 e4 46. Kg4 h5+ 47.
Kf4 Kxg6 48. Kxe4 Kg5 49. Kf3 Kf5 50. Kg3 Ke5 51. Kh4 Kd5 52. Kxh5 Kc5 53. Kg4 Kb5 54. Kf3 Kxa5 55. Ke2 Kb4 56. Kd2 Kb3 57. Kc1 Ka2 58.
Kc2 a6 59. Kc1 a5 60. Kc2 a4 61. Kc1 Ka1 62. Kc2 Ka2 63. Kc1 Kb3 64. Kb1 Ka3 65. Ka1 Kb4 66. Kb1 Ka5 67. Ka1 Kb5 68. Kb1 Kb4 69. Ka1 Kb3 70. Kb1 Ka3 71. Ka1 Kb4 72.
Kb1 Kb3 73. Ka1 a3 74. Kb1 a2+ 75. Ka1 Kb4 76. Kxa2 1/2-1/2

[Event "*** SCC Grand Prix: Titled Tuesday Blitz"]
[Site "Chess.com"]
[Date "2020.06.02"]
[Round "2"]
[White "AlexTriapishko"]
[Black "Ranindu2003"]
[Result "1-0"]
[WhiteElo "2707"]
[BlackElo "2466"]
[TimeControl "180+1"]
[EndTime "10:18:38 PDT"]
[Termination "AlexTriapishko won by resignation"]

1. e4 c5 2. Nf3 d6 3. d4 cxd4 4. Nxd4 Nf6 5. Nc3 a6 6. Be3 e5 7. Nde2 Be6 8. Ng3 Nc6 9. Be2 d5 10. exd5 Nxd5 11. Nxd5 Qxd5 12. Qxd5 Bxd5 13. O-O Be6 14. Ne4 Be7 15. Nc5 Bxc5 16. Bxc5 f6 17. Rad1 Kf7 18. b3 Rhd8 19. c3 e4 20. Bb6 Rxd1 21. Rxd1 Rc8 22. f3 exf3 23. gxf3 Ne5 24. c4 g5 25. Kf2 Ng6 26. Be3 Ke8 27. Rd6 Ke7 28. Rb6 Rc7 29. Bd3 Ne5 30. Bxh7 Nd7 31.
Rb4 Ne5 32. Be4 Bc8 33. Bb6 Rd7 34.
Bc5+ Kd8 35. Rb6 Rd2+ 36. Ke3 Rxh2 37. Rxf6 Nd7 38. Bd6 Nxf6 39. Bxh2 Nxe4 40. fxe4 Ke7 41. Kd4 Ke6 42. Kc5 g4 43. Kb6 Kd7 44. Bg3 Kd8 45. c5 Kd7 46. Bh4 Ke6 47. Kc7 Bd7 48. Kxb7 Ke5 49. c6 Bxc6+ 50. Kxc6 Kxe4 51. Kb6 Kf3 52. Kxa6 g3 53. Bxg3 Kxg3 54. b4 1-0

[Event "*** SCC Grand Prix: Titled Tuesday Blitz"]
[Site "Chess.com"]
[Date "2020.06.02"]
[Round "2"]
[White "Trickov"]
[Black "ChristopherYoo"]
[Result "1/2-1/2"]
[WhiteElo "2338"]
[BlackElo "2820"]
[TimeControl "180+1"]
[EndTime "10:18:38 PDT"]
[Termination "Game drawn by stalemate"]

1. d4 Nf6 2. Nf3 g6 3. c4 Bg7 4.
g3 O-O 5. Bg2 Nc6 6. d5 Na5 7.
Qc2 c5 8. O-O d6 9. e4 Bg4 10.
h3 Bxf3 11. Bxf3 a6 12. Bd2 b5 13. cxb5 axb5 14. Nc3 Qd7 15. b3 Rfb8 16. Bg2 Ne8 17. Rac1 Nc7 18. f4 b4 19. Ne2 Nb5 20. e5 dxe5 21. Qxc5 Nb7 22. Qc6 Rd8 23. Bxb4 Rxa2 24. Nc3 Nd4 25. Qxd7 Rxd7 26. Nxa2 Ne2+ 27. Kh2 Nxc1 28.
Rxc1 exf4 29. gxf4 Bf6 30. Bc3 Nd6 31. Bxf6 exf6 32.
Rc6 Kg7 33. Nc3 Nf5 34. b4 Nd4 35. Rc4 Nc2 36. b5 Ne3 37. Re4 Nf5 38. b6 Rb7 39. Rb4 Nd6 40. Na4 Rb8 41. Nc5 g5 42. fxg5 fxg5 43.
Ne4 Nxe4 44. Bxe4 Kf6 45. d6 Ke5 46. Bg2 Kxd6 47. b7 f5 48. Rb6+ Kc7 49. Rf6 f4 50.
Rf7+ Kb6 51. Rxh7 Ka7 52. Rg7 Rf8 53. Rxg5 f3 54. Bf1 Kxb7 55. Kg3 Kc6 56. Rg4 Kd5 57. Rf4 Rxf4 58. Kxf4 Ke6 59. h4 Kf6 60. h5 Kg7 61.
Kxf3 Kh8 62. Kg4 Kg7 63. Kg5 Kh8 64. h6 Kg8 65. Kg6 Kh8 66. h7 1/2-1/2

[Event "*** SCC Grand Prix: Titled Tuesday Blitz"]
[Site "Chess.com"]
[Date "2020.06.02"]
[Round "2"]
[White "DDTerziev04"]
[Black "Love_craft"]
[Result "0-1"]
[WhiteElo "2245"]
[BlackElo "2458"]
[TimeControl "180+1"]
[EndTime "10:18:38 PDT"]
[Termination "Love_craft won on time"]

1. e4 g6 2. d4 Bg7 3. Nc3 d6 4.
Nf3 Nf6 5. Be2 O-O 6. h3 Nbd7 7. a4 e5 8. dxe5 dxe5 9. O-O c6 10. Be3 Qe7 11. a5 Nc5 12. Nd2 Rd8 13. Qc1 Ne6 14. Nc4 Nd4 15. Re1 Nxe2+ 16. Rxe2 Nh5 17. Rd2 Be6 18.
Rxd8+ Rxd8 19. Nd2 Nf4 20. Bxf4 exf4 21. Nf3 g5 22.
Qe1 h5 23. Rd1 g4 24. hxg4 hxg4 25. Nd2 Qh4 26. Nf1 Bd4 27. Rd2 g3 28. Nd1 Bc4 29.
Rxd4 Rxd4 30. fxg3 fxg3 31. Nxg3 Rxd1 32. Qxd1 Qxg3 33.
Qd8+ Kg7 34. Qd4+ Kg8 35. Qxc4 Qe1+ 36. Kh2 Qh4+ 37. Kg1 Qe1+ 38. Kh2 Qxa5 39. Qd3 Qh5+ 40. Kg1 Qg5 41. Qe2 Qc1+ 42. Kh2 Qxb2 43. Qg4+ Qg7 44. Qc8+ Kh7 45. Qxb7 Qh6+ 46. Kg1 Qc1+ 47. Kh2 Qf4+ 48. Kg1 Qe3+ 49. Kh2 Kg7 50. Qxc6 Qf4+ 51.
Kg1 Qc1+ 52. Kh2 Qa1 0-1

[Event "*** SCC Grand Prix: Titled Tuesday Blitz"]
[Site "Chess.com"]
[Date "2020.06.02"]
[Round "2"]
[White "Gloomy_Wanderer"]
[Black "CarlssonLudvig"]
[Result "1-0"]
[WhiteElo "2764"]
[BlackElo "2505"]
[TimeControl "180+1"]
[EndTime "10:18:40 PDT"]
[Termination "Gloomy_Wanderer won on time"]

1. d4 Nf6 2. Nf3 g6 3. c4 Bg7 4. g3 O-O 5. Bg2 c6 6. O-O d5 7.
Nbd2 a5 8. e3 a4 9. Qe2 Na6 10.
b3 Nc7 11. Bb2 Bf5 12. Nh4 Bg4 13. Qd3 Qd7 14. Rfe1 axb3 15. axb3 Rxa1 16. Rxa1 Ra8 17. Qb1 Qc8 18. Ba3 Bf8 19. Qb2 Bh3 20. Bh1 Bd7 21.
Nhf3 Bf5 22. Ne5 Ng4 23. Nxg4 Bxg4 24. Bb4 Rxa1+ 25. Qxa1 Qa8 26. Qxa8 Nxa8 27. cxd5 cxd5 28. Bxd5 e6 29. Bxf8 exd5 30. Bb4 Nc7 31. f3 Be6 32. Kf2 f6 33. e4 Kf7 34. Ke3 f5 35. Bd6 Nb5 36.
Bb4 Nc7 37. exf5 Bxf5 38. g4 Be6 39. Bc5 Ne8 40. Nf1 Nf6 41. Ng3 Nd7 42. Bd6 Nb6 43.
Ne2 Nd7 44. Nf4 Kf6 45. Nd3 Bf7 46. Bc7 Ke6 47. Kf4 Kf6 48. h4 Ke7 49. Kg5 Nf8 50.
Be5 Ne6+ 51. Kh6 Bg8 52. f4 Kf8 53. f5 gxf5 54. gxf5 Nd8 55. Nf4 Kf7 56. Nxd5 Nc6 57. Nf6 Kf8 58. Nxg8 Kxg8 59. Kg5 Kf7 60. Kf4 Nb4 61.
Ke4 Nc6 62. d5 Na5 63. b4 Nc4 64. Bf4 Nb6 65. Bg5 Nd7 66. Kd4 b5 67. d6 h6 68.
Be7 h5 69. Bg5 Ke8 70. Kd5 1-0

[Event "*** SCC Grand Prix: Titled Tuesday Blitz"]
[Site "Chess.com"]
[Date "2020.06.02"]
[Round "2"]
[White "Volodar_Murzin"]
[Black "doons21"]
[Result "1-0"]
[WhiteElo "2723"]
[BlackElo "2482"]
[TimeControl "180+1"]
[EndTime "10:18:40 PDT"]
[Termination "Volodar_Murzin won by checkmate"]

1. e4 e6 2. d4 d5 3. Nc3 Bb4 4. e5 Ne7 5. a3 Bxc3+ 6. bxc3 c5 7.
a4 Qc7 8. Nf3 b6 9. Bb5+ Bd7 10.
Bd3 h6 11. O-O Nbc6 12. Ba3 Na5 13. Nd2 Bxa4 14. Qg4 c4 15. Be2 Bxc2 16. Qxg7 Rg8 17. Qf6 Bg6 18. Bd1 Nac6 19. Ba4 Rc8 20. Bb5 Qd7 21. Kh1 Qb7 22. Bd6 a6 23. Bxa6 Qd7 24.
Bxc8 Nxc8 25. Ra8 Qd8 26. Qf4 Kd7 27. Rfa1 Na5 28. Bb4 Nc6 29. Bd6 Na5 30. Bb4 Nc6 31. Nf1 Qc7 32. R8a3 Qb7 33. Bd6 b5 34. Ne3 Nb6 35. Bc5 Na4 36. Bd6 Be4 37. f3 Bg6 38.
Ng4 Kc8 39. Nf6 Rd8 40. Qxh6 b4 41. Rxa4 bxc3 42. Qc1 Nxd4 43. Qxc3 Ne2 44. Ra8+ Qxa8 45. Rxa8+ Kb7 46. Qb4+ Kxa8 47. Qa5+ Kb7 48. Qb5+ Ka7 49. Bc5+ Ka8 50. Qa6+ Kb8 51. Qb6+ Kc8 52. Qc6+ Kb8 53.
Bd6+ Ka7 54. Qc7+ Ka6 55. Qxd8 c3 56. Qc8+ Kb5 57. Qc5+ Ka6 58. Nd7 Bd3 59. Qb6# 1-0

[Event "*** SCC Grand Prix: Titled Tuesday Blitz"]
[Site "Chess.com"]
[Date "2020.06.02"]
[Round "2"]
[White "zmeeed67"]
[Black "JuliaEfremova"]
[Result "1-0"]
[WhiteElo "2442"]
[BlackElo "2222"]
[TimeControl "180+1"]
[EndTime "10:18:40 PDT"]
[Termination "zmeeed67 won by resignation"]

1. d4 e5 2. dxe5 Nc6 3. Nf3 Qe7 4. Bg5 f6 5. exf6 gxf6 6. Bd2 d6 7. Nc3 Be6 8. g3 Nh6 9. Bg2 Nf7 10. O-O Nfe5 11.
a3 h5 12. Nh4 Rg8 13. Nd5 Qf7 14. Bf4 O-O-O 15. b4 Ng6 16. Nxg6 Qxg6 17. b5 Ne5 18.
Qd4 Kb8 19. Be3 b6 20. Nf4 Qf5 21. Nxe6 Qxe6 22. Bd5 Qh3 23. Bg2 Qe6 24. a4 Rg4 25.
Qd5 Qxd5 26. Bxd5 h4 27. Bg2 Nc4 28. Bf4 hxg3 29. hxg3 Be7 30. Bd5 Ne5 31. a5 Rh8 32.
axb6 cxb6 33. Kg2 Ng6 34. Rh1 Nxf4+ 35. Kf3 Rxh1 36. Rxh1 Nxd5 37. Kxg4 Kc7 38. Kf5 Kd7 39. Ra1 Bd8 40. Rxa7+ Bc7 41. c4 Nc3 42. Kxf6 Nxe2 43.
Kf5 Nd4+ 44. Ke4 Ne6 45. Ra1 Nc5+ 46. Kf5 Bd8 47. g4 Nd3 48. Ra7+ Ke8 49. f4 Nb2 50. g5 Nxc4 51. g6 Ne3+ 52. Ke6 Ng4 53. g7 Nf6 54.
Ra8 Ng8 55. f5 d5 56. Kxd5 Kd7 57. Rxd8+ Kxd8 58. Ke6 Ke8 59. f6 Nh6 60. f7+ 1-0

[Event "*** SCC Grand Prix: Titled Tuesday Blitz"]
[Site "Chess.com"]
[Date "2020.06.02"]
[Round "2"]
[White "aisha_zakirova"]
[Black "mikerahal"]
[Result "1-0"]
[WhiteElo "1972"]
[BlackElo "2322"]
[TimeControl "180+1"]
[EndTime "10:18:41 PDT"]
[Termination "aisha_zakirova won by resignation"]

1. d4 Nf6 2. c4 g6 3. Nc3 Bg7 4. e4 d6 5. Be2 O-O 6. Bg5 c5 7. d5 e6 8. Nf3 exd5 9. Nxd5 h6 10. Nxf6+ Bxf6 11. Bxh6 Bxb2 12. Rb1 Bc3+ 13. Nd2 Bg7 14.
Bxg7 Kxg7 15. O-O Nc6 16. Nf3 Bg4 17. Rxb7 Bxf3 18. Bxf3 Nd4 19. e5 dxe5 20. Bd5 Qa5 21. Re1 Rab8 22. Re7 Qxa2 23. R7xe5 Rb2 24. Rf1 Rfb8 25.
Re7 Rf8 26. Qe1 Re2 27. Rxe2 Nxe2+ 28. Kh1 Rh8 29. Bf3 Nd4 30. Qe5+ Kh7 31. Bd5 Rf8 32. Qf6 Qa5 33. Bxf7 Qb6 34. Bxg6+ Kg8 35. Qg5 Ne6 36. Qh6 Qc7 37. Be4 Qg7 38. Qxe6+ Kh8 39.
Qh3+ Kg8 40. Bd5+ Rf7 41. Bxf7+ Qxf7 42. Qg4+ Kf8 43. Qf3 Ke7 44. Qxf7+ Kxf7 45. h4 Kf6 46. g4 Ke5 47. h5 a5 48. h6 a4 49. h7 a3 50. h8=Q+ Kf4 51. Qc3 Kxg4 52. Qg3+ Kf5 53.
f4 a2 54. Qd3+ Kg4 55. f5 Kh4 56. f6 Kg5 57. f7 Kg4 58. f8=Q a1=Q 59. Rxa1 1-0